 Dungeon Crawl Stone Soup version 0.29.1-15-g9cfb28693d (webtiles) character file.

Game seed: 7821559446567682108

201 Ihaveafatcat the Ducker (level 5, -6/45 HPs)
             Began as a Demigod Gladiator on Mar 17, 2023.
             Mangled by a gnoll
             ... wielding a +0 halberd
              (10 damage)
             ... on level 3 of the Dungeon.
             The game lasted 00:03:35 (3322 turns).

Ihaveafatcat the Ducker (Demigod Gladiator)         Turns: 3322, Time: 00:03:36

Health: -6/45      AC:  4    Str: 18 (19) XL:     5   Next: 25%
Magic:  7/7        EV: 12    Int:  8 (10) God:
Gold:   150        SH:  0    Dex: 13 (15) Spells: 4/4 levels left

rFire   . . .      SeeInvis .   a - +0 war axe
rCold   . . .      Faith    .   (no shield)
rNeg    . . .      Spirit   .   b - +0 leather armour
rPois   .          Reflect  .   c - +0 helmet
rElec   .          Harm     .   (no cloak)
rCorr   .          Rampage  .   (no gloves)
Will    .....                   (no boots)
Stlth   +.........              (no amulet)
HPRegen 0.15/turn               (no ring)
MPRegen 0.10/turn               (no ring)

@: no status effects
A: high MP 1, forlorn, divine attributes
a: no special abilities


You were on level 3 of the Dungeon.
You visited 1 branch of the dungeon, and saw 3 of its levels.

You collected 150 gold pieces.

Inventory:

Hand Weapons
 a - a +0 war axe (weapon)
Missiles
 d - 3 throwing nets (quivered)
 e - a javelin
Armour
 b - a +0 leather armour (worn)
 c - a +0 helmet (worn)
Scrolls
 f - 3 scrolls of teleportation {unknown}
 g - 2 scrolls of silence {unknown}
 i - 2 scrolls of identify {unknown}
 j - a scroll of magic mapping {unknown}
 l - a scroll of fear {unknown}
 m - a scroll of immolation {unknown}
Potions
 h - a potion of degeneration
 k - a potion of brilliance {unknown}
 n - a potion of invisibility {unknown}
 o - a potion of lignification {unknown}
 p - a potion of flight {unknown}


   Skills:
 + Level 3.0 Fighting
 + Level 3.6 Axes
 + Level 3.0 Throwing
 + Level 3.7 Dodging


You had 4 spell levels left.
You didn't know any spells.
Your spell library contained the following spells:

 Spells                   Type           Power      Damage    Failure   Level
 Foxfire                  Conj/Fire      0%         2x1d4     45%         1
 Blink                    Tloc           0%         N/A       61%         2
 Dazzling Flash           Conj/Hex       0%         N/A       83%         3
 Lesser Beckoning         Tloc           0%         N/A       83%         3
 Iskenderun's Mystic Bla  Conj/Tloc      0%         2d3       99%         4
 Leda's Liquefaction      Hex/Erth       0%         N/A       99%         4
 Manifold Assault         Tloc           0%         N/A       100%        5
 Starburst                Conj/Fire      0%         6d3       100%        6
 Lehudib's Crystal Spear  Conj/Erth      0%         10d2      100%        8


Dungeon Overview and Level Annotations

Branches:
Dungeon (3/15)


Innate Abilities, Weirdness & Mutations

You have an increased reservoir of magic. (+10% MP)
You shall have no god before yourself.
Your divine heritage dramatically boosts your attributes as you level up.


Message History

The endoplasm misses you.
You slash the endoplasm!
You kill the endoplasm!
You hit the kobold.
You kill the kobold!
You closely miss the gnoll. The gnoll barely misses you.
The gnoll hits you with a +0 club. x2
The gnoll hits you from afar with a +0 halberd.
The gnoll attacks as you move away! The gnoll hits you with a +0 club.
The gnoll attacks as you move away! The gnoll misses you.
There are monsters nearby!
There are monsters nearby!
There are monsters nearby!
There are monsters nearby!
There are monsters nearby!
There are monsters nearby!
You hit the gnoll but do no damage. The gnoll hits you with a +0 club.
The gnoll hits you from afar with a +0 spear.
You slash the gnoll!
The gnoll is severely wounded.
The gnoll hits you with a +0 club.
The gnoll hits you from afar with a +0 spear.
You barely miss the gnoll.
The gnoll is severely wounded.
The gnoll completely misses you. The gnoll hits you with a +0 club.
The gnoll hits you but does no damage.
The gnoll hits you from afar with a +0 spear.
You hit the gnoll.
You kill the gnoll!
The gnoll hits you from afar with a +0 spear.
* * * LOW HITPOINT WARNING * * *
The gnoll closely misses you. The gnoll hits you with a +0 spear.
* * * LOW HITPOINT WARNING * * *
Things that are here:
a +0 club; a gnoll corpse It was a potion of degeneration.
There was something very wrong with that liquid.
You feel weakened.
You feel dopey.
You feel clumsy.
The gnoll hits you from afar with a +0 halberd!
You die...

#.#.........##
.......
###.#'#######...
....... #........#
#### .......
#........# .......
#........# .......
#........# .......
#........#
......)####........#
.......gg@.........#
.......####........#
....... #........#
#####+# #........#
#........#
###.#'####
#.#.########
#.#........###
#.#...........


You could see 2 gnolls.

Vanquished Creatures
  A phantom (D:3)
  Jessica (D:2)
  A gnoll (D:3)
  3 adders
  A worm (D:2)
  A dart slug (D:2)
  7 ball pythons
  2 bats
  7 endoplasms
  2 goblins
  5 hobgoblins
  7 jackals (D:1)
  5 quokkas
  2 frilled lizards (D:1)
  4 kobolds
  7 rats
56 creatures vanquished.

Notes
Turn   | Place    | Note
-------+----------+-------------------------------------------
     0 | D:1      | Ihaveafatcat the Demigod Gladiator began the quest for the
                  | Orb.
     0 | D:1      | Reached XP level 1. HP: 17/17 MP: 3/3
   286 | D:1      | Reached XP level 2. HP: 24/24 MP: 4/4
   840 | D:1      | Got the Discursus on the Quarry and Hurting
  1273 | D:2      | Reached XP level 3. HP: 29/29 MP: 5/5
  1745 | D:2      | Noticed Jessica
  1752 | D:2      | Killed Jessica
  1753 | D:2      | Reached XP level 4. HP: 27/37 MP: 6/6
  2780 | D:3      | Noticed a phantom
  2804 | D:3      | Killed a phantom
  2805 | D:3      | Reached XP level 5. HP: 13/44 MP: 7/7
  3322 | D:3      | Mangled by a gnoll

Illustrated notes

Levels and vault maps discovered:
D:1:      dpeg_chamrin_arrival_tetris, layout_loops_ring,
          hellmonk_ecumenical_altar_run_dry
D:2:      layout_basic, minmay_pentomino_w2, uniq_jessica
D:3:      layout_basic, uniq_robin

Skill      XL: |  1  2  3  4  5 |
---------------+----------------+-----
Fighting       | 2 3 |  3.0
Throwing       | 2 3 |  3.0
Dodging        | 3 |  3.7
Axes           | 3 |  3.6

Action                   |  1- 3 |  4- 6 || total
-------------------------+-------+-------++-------
Melee: War axe           |   101 |    67 ||   168
  Use: Potion            |       |     1 ||     1
 Stab: Sleeping          |     1 |     1 ||     2
Armor: Leather armour    |    28 |    17 ||    45
Dodge: Dodged            |    67 |    39 ||   106
